 Dungeon Crawl Stone Soup version 0.29-a0-375-g5102b3be25 (webtiles) character file.

Game seed: 11777173692116057678

200 bastard the Spear-Bearer (level 5, -3/38 HPs)
             Began as a Merfolk Gladiator on May 3, 2022.
             Slain by a gnoll
             ... wielding a +0 flail
              (12 damage)
             ... on level 4 of the Dungeon.
             The game lasted 00:05:14 (3702 turns).

bastard the Spear-Bearer (Merfolk Gladiator)        Turns: 3702, Time: 00:05:15

Health: -3/38      AC:  4    Str: 14    XL:     5   Next: 79%
Magic:  5/5        EV: 14    Int:  7    God:
Gold:   176        SH:  0    Dex: 20    Spells: 4/4 levels left

rFire   . . .      SeeInvis .   a - +0 trident
rCold   . . .      Faith    .   (no shield)
rNeg    . . .      Spirit   .   b - +0 leather armour
rPois   .          Reflect  .   (helmet restricted)
rElec   .          Harm     .   (no cloak)
rCorr   .          Rampage  .   (no gloves)
Will    .....                   i - +0 pair of boots
Stlth   ++........              (no amulet)
HPRegen 0.12/turn               (no ring)
MPRegen 0.09/turn               (no ring)

@: no status effects
A: (nimble swimmer 2), mertail, antennae 1, thin skeletal structure 1, wild
magic 1
a: no special abilities


You were on level 4 of the Dungeon.
You visited 1 branch of the dungeon, and saw 4 of its levels.

You collected 176 gold pieces.

Inventory:

Hand Weapons
 a - a +0 trident (weapon)
Missiles
 d - 2 throwing nets (quivered)
 e - a javelin
Armour
 b - a +0 leather armour (worn)
 c - the +0 tower shield of Gik Fic {Slay+5}
   (You found it on level 3 of the Dungeon)

   Slay:      It affects your accuracy & damage with ranged weapons and melee
   (+5).
 i - a +0 pair of boots (worn)
Wands
 f - a wand of acid (6)
 k - a wand of flame (20)
Potions
 g - 2 potions of curing
 h - a potion of haste
 j - a potion of brilliance {unknown}
 l - a potion of resistance {unknown}
 m - a potion of berserk rage {unknown}
 n - a potion of attraction {unknown}


   Skills:
 - Level 2.1 Fighting
 + Level 8.3 Polearms
 - Level 2.0 Throwing
 - Level 4.0 Dodging


You had 4 spell levels left.
You didn't know any spells.
Your spell library contained the following spells:

 Spells                   Type           Power      Damage    Failure   Level
 Corpse Rot               Necr/Air       0%         N/A       73%         2
 Poisonous Vapours        Pois/Air       0%         N/A       73%         2
 Sublimation of Blood     Necr           0%         N/A       73%         2
 Petrify                  Tmut/Erth      0%         N/A       100%        4
 Irradiate                Conj/Tmut      0%         3d13      100%        5


Dungeon Overview and Level Annotations

Branches:
Dungeon (4/15)
 Temple: D:4-7

Altars:

Shops:
D:1 (


Innate Abilities, Weirdness & Mutations

((You are very nimble when in or above water. (Stealth+, EV+, Speed+++)))
Your lower body shifts to a powerful aquatic tail in water.
You have a pair of small antennae on your head.
You have a somewhat thin skeletal structure. (Dex +2, Stealth+)
Your spells are a little harder to cast, but a little more powerful.


Message History

You reach to attack!
The gnoll shouts! x2
You puncture the gnoll!
The gnoll is heavily wounded.
The gnoll hits you from afar with a +0 spear.
You reach to attack!
You hit the gnoll but do no damage.
The gnoll is heavily wounded.
The gnoll closely misses you.
You reach to attack!
You hit the gnoll.
You kill the gnoll!
You closely miss the gnoll. The gnoll hits you with a +0 flail.
You hit the gnoll.
The gnoll is lightly wounded.
The gnoll hits you with a +0 flail!
You puncture the gnoll!
The gnoll is severely wounded.
The gnoll hits you with a +0 flail.
You closely miss the gnoll.
The gnoll is severely wounded.
The gnoll closely misses you.
You hit the gnoll.
The gnoll is almost dead.
The gnoll hits you with a +0 flail!
You are too injured to fight recklessly!
You are too injured to fight recklessly!
You are too injured to fight recklessly!
You are too injured to fight recklessly!
You are too injured to fight recklessly!
You are too injured to fight recklessly!
You are too injured to fight recklessly!
You are too injured to fight recklessly!
You are too injured to fight recklessly!
You are too injured to fight recklessly!
You are too injured to fight recklessly!
You are too injured to fight recklessly!
You are too injured to fight recklessly!
The gnoll attacks as you move away! The gnoll hits you with a +0 flail.
* * * LOW HITPOINT WARNING * * *
The gnoll attacks as you move away! The gnoll hits you with a +0 flail!
You die...

....# #.#
#.# ....#
#.# #.# #.#
#.# #.# #.#
#.# #g# #.#
#.# #.# #g#
#.# #g#
#.#######@#
#.........#
###########


You could see 3 gnolls.

Vanquished Creatures
  An orc wizard (D:3)
  Terence (D:2)
  A gnoll (D:4)
  4 adders
  A worm (D:2)
  10 orcs
  4 ball pythons
  11 endoplasms
  2 giant cockroaches
  9 hobgoblins
  10 jackals (D:2)
  14 kobolds
  2 quokkas
  6 bats
  3 frilled lizards
  4 goblins
  3 rats (D:1)
86 creatures vanquished.

Vanquished Creatures (collateral kills)
  A kobold (D:4)
1 creature vanquished.

Grand Total: 87 creatures vanquished

Notes
Turn   | Place    | Note
-------+----------+-------------------------------------------
     0 | D:1      | bastard the Merfolk Gladiator began the quest for the Orb.
     0 | D:1      | Reached XP level 1. HP: 16/16 MP: 1/1
   114 | D:1      | Reached XP level 2. HP: 16/22 MP: 2/2
   246 | D:1      | Reached skill level 5 in Polearms
   367 | D:1      | Found a faded altar of an unknown god.
   474 | D:1      | Found Zukk's Weapon Shoppe.
   486 | D:1      | Reached XP level 3. HP: 27/27 MP: 3/3
  1056 | D:2      | Reached skill level 6 in Polearms
  1444 | D:2      | Reached XP level 4. HP: 23/33 MP: 4/4
  1576 | D:2      | Noticed Terence
  1596 | D:2      | Killed Terence
  2115 | D:2      | Reached skill level 7 in Polearms
  2299 | D:2      | Gained mutation: You have a somewhat thin skeletal
                  | structure. (Dex +2, Stealth+) [potion of mutation]
  2299 | D:2      | Gained mutation: Your spells are a little harder to cast,
                  | but a little more powerful. [potion of mutation]
  2299 | D:2      | Gained mutation: You have a pair of small antennae on your
                  | head. [potion of mutation]
  2345 | D:3      | Reached XP level 5. HP: 21/38 MP: 5/5
  2616 | D:3      | Identified the +0 tower shield of Gik Fic {Slay+5}
  3146 | D:3      | Reached skill level 8 in Polearms
  3702 | D:4      | Slain by a gnoll

Illustrated notes

Levels and vault maps discovered:
D:1:      nicolae_arrival_memento_mori, layout_loops_ring,
          hellmonk_ecumenical_altar_pennies_from_heaven, serial_shops, shop
D:2:      layout_loops_corners, nicolae_figureground_pulse, uniq_terence
D:3:      layout_rooms, wad_orctagon
D:4:      layout_basic

Skill      XL: |  1  2  3  4  5 |
---------------+----------------+-----
Polearms       | 5 6 7 8 |  8.3
Fighting       | |  2.1
Throwing       | |  2.0
Dodging        | |  4.0

Action                   |  1- 3 |  4- 6 || total
-------------------------+-------+-------++-------
Melee: Trident           |   135 |   154 ||   289
       Punch             |       |     1 ||     1
Throw: Throwing net      |       |     2 ||     2
  Use: Scroll            |     1 |     9 ||    10
       Potion            |       |     1 ||     1
 Stab: Sleeping          |     4 |     3 ||     7
       Held in net/web   |       |     3 ||     3
Armor: Leather armour    |    24 |    24 ||    48
Dodge: Dodged            |    75 |    73 ||   148

Table legend: (Time is in decaauts)
 A = Elapsed time spent in this place.
 B = Non-inter-level travel time spent in this place.
 C = Inter-level travel time spent in this place.
 D = Time resting spent in this place.
 E = Time spent auto-exploring this place.
 F = Levels seen in this place.
 G = Mean time per level.
                   A        B        C        D        E       F      G
               +--------+--------+--------+--------+--------+-----+--------+
         Total |   3691 |   3644 |     47 |      0 |   3015 |   4 |  922.8 |
       Dungeon |   3691 |   3644 |     47 |      0 |   3015 |   4 |  922.8 |
               +--------+--------+--------+--------+--------+-----+--------+

Top non-repeatable levels by time:
     D:2: 1416 daAuts
     D:3: 1088 daAuts
     D:1: 918 daAuts
     D:4: 268 daAuts
